 Dungeon Crawl Stone Soup version 0.25-a0-292-gaa31f046c4 (webtiles) character file.

Game seed: 3199370539104534716, levelgen mode: deterministic

275 MoonlitKnight the Poker (level 6, -6/48 HPs)
             Began as a Merfolk Skald on Dec 15, 2019.
             Mangled by Eustachio
             ... wielding a +6 rapier
              (8 damage)
             ... on level 3 of the Dungeon.
             The game lasted 00:10:29 (4201 turns).

MoonlitKnight the Poker (Merfolk Skald)             Turns: 4201, Time: 00:10:30

Health: -6/48      AC:  5    Str: 12    XL:     6   Next: 25%
Magic:  5/9        EV: 14    Int: 13    God:
Gold:   259        SH:  0    Dex: 14    Spells: 3/9 levels left

rFire    . . .     SeeInvis .   a - +1 spear
rCold    . . .     Gourm    .   (no shield)
rNeg     . . .     Faith    +   v - +0 leather armour
rPois    +         Spirit   .   (no helmet)
rElec    .         Reflect  .   x - +1 cloak (curse)
rCorr    .         Harm     .   (no gloves)
MR       .....                  (no boots)
Stlth    ..........             h - amulet of faith
HPRegen  0.16/turn              u - ring of poison resistance
MPRegen  0.11/turn              t - ring of attention (curse)

@: very slightly contaminated, hasted, very quick
A: change form in water, swift swim, stealthy swim
a: no special abilities


You were on level 3 of the Dungeon.
You were hungry.

You visited 1 branch of the dungeon, and saw 4 of its levels.

You collected 259 gold pieces.

Inventory:

Hand Weapons
 a - a +1 spear (weapon)
 b - a +4 hunting sling
Missiles
 c - 10 stones (quivered)
Armour
 v - a +0 leather armour (worn)
 x - a cursed +1 cloak (worn)
Jewellery
 f - an uncursed ring of stealth
 h - an amulet of faith (around neck)
 t - a cursed ring of attention (right hand)
 u - a ring of poison resistance (left hand)
Scrolls
 e - a scroll of enchant weapon
 l - 2 scrolls of identify
Potions
 j - 2 potions of curing
 k - 2 potions of magic {unknown}
 m - 2 potions of agility {unknown}
 p - a potion of flight {unknown}
 q - 2 potions of mutation {unknown}
 w - a potion of resistance {unknown}
Comestibles
 d - 5 rations


   Skills:
 + Level 3.9 Fighting
 * Level 6.8 Polearms
 - Level 0.6 Armour
 + Level 4.8 Dodging
 - Level 2.0 Spellcasting
 - Level 3.2 Charms


You had 3 spell levels left.
You knew the following spells:

 Your Spells              Type           Power        Failure   Level  Hunger
a - Infusion              Chrm           #...         9%          1    ##.....
b - Shroud of Golubria    Chrm/Tloc      #.....       26%         2    ###....
c - Spectral Weapon       Hex/Chrm       #.......     45%         3    ####...

Your spell library contained the following spells:

 Spells                   Type           Power        Failure   Level  Hunger
 Song of Slaying          Chrm           #.......     13%         2    ###....
 Regeneration             Chrm/Necr      #.........   45%         3    ####...


Dungeon Overview and Level Annotations

Branches:
Dungeon (4/15)
 Temple: D:4-7

Altars:

Annotations:
D:3 Eustachio


Message History

The hound barely misses you. Eustachio hits you with a +6 rapier.
* * * LOW HITPOINT WARNING * * *
You climb upwards.
The quasit disappears in a puff of smoke!
Your spectral weapon fades away.
There is a stone staircase leading down here.
Okay, then.
It was a potion of curing.
You feel better. The howler monkey barely misses you. The hound bites you.
* * * LOW HITPOINT WARNING * * *
It was a potion of haste.
You feel yourself speed up. The hound bites you.
* * * LOW HITPOINT WARNING * * *
The howler monkey hoots and howls with incredible vigour!
Eustachio hits you with a +6 rapier.
* * * LOW HITPOINT WARNING * * *
The hound bites you but does no damage.
You barely miss Eustachio.
Eustachio is almost dead.
The howler monkey misses you. Eustachio hits you with a +6 rapier!
You die...

8.8..#.......# ###.#
.............###...#
.....#...........###
.....###########.#
.....# #.# .....#
#.#
8.8..###########.#
#########
#####...#......h@#
#.......#
......#..).....h@#
#.#####.#
.########)########
#....>..### ## #)#
######.##....... ##
#)# #......##.##.###
.# #.#
#.###.....##.# .##
##.##
#.###.รท......# ..##
#...# #.#..###.###.#
...# #...# #.#.##
##....### ..## #...#
#...# #.......


You could see Eustachio, a howler monkey and a hound.

Vanquished Creatures
  Blork the orc (D:4)
  A hound (D:3)
  Terence (D:3)
  A hound skeleton (D:4)
  2 howler monkey skeletons
  3 adders
  4 oozes
  3 worms
  2 dart slugs (D:1)
  3 leopard geckos
  An orc (D:4)
  3 ball pythons
  3 giant cockroaches
  13 goblins
  6 hobgoblins
  2 jackals (D:1)
  A quokka (D:2)
  7 bats
  2 frilled lizards (D:1)
  5 kobolds (D:1)
  10 rats
74 creatures vanquished.

Notes
Turn   | Place    | Note
-------+----------+-------------------------------------------
     0 | D:1      | MoonlitKnight the Merfolk Skald began the quest for the
                  | Orb.
     0 | D:1      | Reached XP level 1. HP: 16/16 MP: 3/3
    50 | D:1      | Reached XP level 2. HP: 20/23 MP: 5/5
   346 | D:1      | Reached skill level 4 in Polearms
   382 | D:1      | Reached XP level 3. HP: 20/28 MP: 6/6
   492 | D:1      | Learned a level 2 spell: Shroud of Golubria
   496 | D:1      | Learned a level 3 spell: Spectral Weapon
  1421 | D:2      | Found a faded altar of an unknown god.
  1603 | D:2      | Reached XP level 4. HP: 11/35 MP: 1/7
  1962 | D:2      | Reached skill level 5 in Polearms
  3197 | D:3      | Reached XP level 5. HP: 41/41 MP: 8/8
  3198 | D:3      | Noticed Terence
  3212 | D:3      | Killed Terence
  3643 | D:4      | Noticed Eustachio
  3761 | D:4      | Reached skill level 6 in Polearms
  3920 | D:4      | Noticed Blork the orc
  3931 | D:4      | Killed Blork the orc
  3931 | D:4      | Reached XP level 6. HP: 29/48 MP: 5/9
  4200 | D:3      | HP: 1/48 [Eustachio/+6 rapier (4)]
  4201 | D:3      | Mangled by Eustachio

Levels and vault maps discovered:
D:1:      scummos_arrival_hexagon, layout_basic
D:2:      layout_basic, chequers_ecumenical_altar_simple_redux
D:3:      kennysheep_the_goblin_king, layout_loops_cross,
          minmay_misc_feat_ornament, uniq_terence
D:4:      layout_cave_pools, nicolae_ru_path_of_blood, kennysheep_mini_moat,
          first_ration, uniq_robin, uniq_eustachio, uniq_blork_the_orc,
          uniq_menkaure

Skill      XL: |  1  2  3  4  5 |
---------------+----------------+-----
Dodging        | 3 4 |  4.8
Polearms       | 4 5 6 |  6.8
Fighting       | 3 |  3.9
Armour         | |  0.6
Spellcasting   | |  2.0
Charms         | |  3.2

Action                   |  1- 3 |  4- 6 || total
-------------------------+-------+-------++-------
Melee: Spear             |   162 |   153 ||   315
 Fire: Hunting sling     |       |     5 ||     5
 Cast: Infusion          |     4 |    15 ||    19
       Spectral Weapon   |     1 |     5 ||     6
       Shroud of Golubri |       |     1 ||     1
  Use: Scroll            |       |     8 ||     8
       Potion            |       |     2 ||     2
 Stab: Sleeping          |       |     1 ||     1
  Eat: Chunk             |     2 |    10 ||    12
Armor: Leather armour    |    20 |    25 ||    45
Dodge: Dodged            |    77 |    99 ||   176

Table legend:
 A = Non-vault XP
 B = Vault XP
 C = Vault XP percentage of total XP
 D = Non-vault monster count
 E = Vault monster count
 F = Vault count percentage of total count
                 A         B        C        D         E       F
            +---------+---------+-------+---------+---------+-------
      Total |     256 |     138 |  35.0 |      65 |       9 |  12.2
            +---------+---------+-------+---------+---------+-------
        D:1 |      56 |       0 |   0.0 |      32 |       0 |   0.0
        D:2 |      64 |       0 |   0.0 |      19 |       0 |   0.0
        D:3 |      88 |      48 |  35.3 |      10 |       8 |  44.4
        D:4 |      48 |      90 |  65.2 |       4 |       1 |  20.0
            +---------+---------+-------+---------+---------+-------
